 Dungeon Crawl Stone Soup version 0.19-a0-1740-g0bcaf2e (webtiles) character file.

595 4thArraOfDagon the Ruffian (level 7, -1/66 HPs)
             Began as a Troll Monk on Oct 2, 2016.
             Slain by Duvessa
             ... wielding a +4 short sword of speed
              (8 damage)
             ... on level 6 of the Dungeon.
             The game lasted 00:04:26 (1108 turns).

4thArraOfDagon the Ruffian (Troll Monk)             Turns: 1108, Time: 00:04:27

Health: -1/66      AC:  5    Str: 20    XL:     7   Next: 17%
Magic:  6/6        EV:  8    Int:  8    God:
Gold:   74         SH: 10    Dex: 12    Spells: 0 memorised, 6 levels left

rFire  . . .     SeeInvis .       - Unarmed
rCold  . . .     Gourm    +     a - +0 robe
rNeg   . . .     Faith    .     e - +0 shield
rPois  .         Spirit   .     (helmet restricted)
rElec  .         Dismiss  .     (no cloak)
rCorr  .         Reflect  +     (gloves unavailable)
MR     .....     Harm     .     (boots unavailable)
Stlth  +.........               f - +2 amulet of reflection
                                (no ring)
                                (no ring)

@: no status effects
A: unfitting armour, claws 3, fast metabolism 3, gourmand, regeneration 1,
shaggy fur 1, tough skin 2
a: no special abilities


You were on level 6 of the Dungeon.
You were full.

You visited 1 branch of the dungeon, and saw 8 of its levels.

You collected 74 gold pieces.

Inventory:

Armour
 a - a +0 robe (worn)
 e - a +0 shield (worn)
Jewellery
 f - a +2 amulet of reflection (around neck)
Scrolls
 c - 3 scrolls of amnesia
 g - 2 scrolls of recharging
Comestibles
 b - 3 bread rations
 d - a meat ration


   Skills:
 - Level 2.4 Fighting
 - Level 2.4 Dodging
 - Level 1.1 Stealth
 + Level 2.6 Shields
 * Level 7.5 Unarmed Combat


You had 6 spell levels left.
You didn't know any spells.

Dungeon Overview and Level Annotations

Branches:
Dungeon (8/15)
 Temple: D:4-7         Lair: D:8-11

Altars:
Uskayaw
Vehumet
Zin

Annotations:
D:5 4thArraOfDagon's ghost, weakling TrMo
D:6 Dowan; Duvessa
D:7 Pikel


Innate Abilities, Weirdness & Mutations

You are too large for most types of armour.
You have claws for hands.
Your metabolism is lightning-fast.
You like to eat raw meat.
Your natural rate of healing is unusually fast.
You are covered in fur. (AC +1)
You have very tough skin. (AC +2)


Message History

The bullfrog swells and bulges before releasing a deep croak.
You block the bullfrog's attack.
Duvessa hits you with a short sword of speed.
* * * LOW HITPOINT WARNING * * *
Unknown command.
Okay, then.
You barely miss Duvessa.
Duvessa is heavily wounded.
The bullfrog hits you but does no damage.
Duvessa gestures with her weapon.
Duvessa hits you with a short sword of speed!
* * * LOW HITPOINT WARNING * * *
The bullfrog completely misses you.
Unknown command.
You claw Duvessa!
Duvessa is almost dead.
The bullfrog hits you.
* * * LOW HITPOINT WARNING * * *
Duvessa hits you with a short sword of speed!
You die...

#..# ......
#..# .....
#####..##
....
#.....Y.# ...
#.......+ ..
#.......# e#
#.......###F#
#....<..Ye@.#
#############


You could see Duvessa, a sky beast, Dowan and a bullfrog.

Vanquished Creatures
  A phantom (D:7)
  An ogre (D:7)
  A howler monkey (D:4)
  A crimson imp (D:5)
  A jelly (D:5)
  5 hounds
  An orc priest (D:6)
  A worker ant (D:4)
  2 orc wizards (D:7)
  3 adders
  A worm (D:2)
  A dart slug (D:1)
  2 leopard geckos
  12 orcs
  3 giant cockroaches
  A hobgoblin (D:3)
  4 jackals (D:4)
  A rat (D:2)
42 creatures vanquished.

Notes
Turn   | Place    | Note
-------+----------+-------------------------------------------
     0 | D:1      | 4thArraOfDagon the Troll Monk began the quest for the Orb.
     0 | D:1      | Reached XP level 1. HP: 22/22 MP: 0/0
    95 | D:2      | jacquesderrida: wreith
   146 | D:2      | Reached XP level 2. HP: 25/29 MP: 1/1
   181 | D:4      | Found a radiant altar of Vehumet.
   182 | D:4      | Noticed a howler monkey
   193 | D:4      | Killed a howler monkey
   193 | D:4      | Reached skill level 4 in Unarmed Combat
   193 | D:4      | Reached XP level 3. HP: 26/36 MP: 2/2
   277 | D:5      | Entered Level 5 of the Dungeon
   292 | D:5      | Reached skill level 5 in Unarmed Combat
   292 | D:5      | Reached XP level 4. HP: 42/44 MP: 3/3
   337 | D:5      | Noticed 4thArraOfDagon's ghost (weakling TrMo)
   342 | D:5      | Noticed a phantom
   411 | D:6      | Found a glowing silver altar of Zin.
   487 | D:7      | Noticed Pikel
   487 | D:7      | Noticed a slave
   488 | D:7      | Noticed a slave
   517 | D:7      | Noticed a slave
   546 | D:7      | Noticed a phantom
   562 | D:7      | Killed a phantom
   562 | D:7      | Reached skill level 1 in Shields
   562 | D:7      | Reached skill level 6 in Unarmed Combat
   562 | D:7      | Reached XP level 5. HP: 27/50 MP: 4/4
   672 | D:7      | Noticed an ogre
   678 | D:7      | Killed an ogre
   678 | D:7      | Reached XP level 6. HP: 59/59 MP: 5/5
   829 | D:5      | Reached skill level 7 in Unarmed Combat
   867 | D:4      | Found a hide-covered altar of Uskayaw.
   911 | D:4      | Reached XP level 7. HP: 66/66 MP: 6/6
  1080 | D:5      | Noticed Duvessa
  1085 | D:5      | Noticed Dowan
  1108 | D:6      | Slain by Duvessa

Vault maps used:
D:1:      sevenhm_arrival_forest_fort_large_4, eino_curves_03
D:2:      yredelemnul_altar_generic, roderic_roman_lattice, uniq_jessica
D:3:      old_standard_altar, lemuel_doored_altar,
          nemelex_xobeh_ov_fountains_minmay, st_stairs_4
D:4:      fiery_altar_vehumet, overflow_temple_1_default, first_bread, hex_tiny
D:5:      lemuel_crystal_altar, uniq_duvessa
D:6:      kennysheep_mini_moat, nicolae_tso_carved_into_rock
D:7:      uniq_pikel
D:8:      okawaru_ov_weapons_minmay, due_lair_maze_entry_diamond,
          grunt_ogre_cave

Skill      XL: |  1  2  3  4  5  6 |
---------------+-------------------+-----
Unarmed Combat | 4 5 6 7 |  7.5
Shields        | 1 2 |  2.6
Fighting       | |  2.4
Dodging        | |  2.4
Stealth        | |  1.1

Action                   |  1- 3 |  4- 6 |  7- 9 || total
-------------------------+-------+-------+-------++-------
Melee: Unarmed           |    38 |    75 |    31 ||   144
       Punch             |       |     1 |       ||     1
  Use: Scroll            |       |     5 |     1 ||     6
       Potion            |       |     2 |       ||     2
 Stab: Sleeping          |       |       |     1 ||     1
  Eat: Chunk             |     3 |     9 |       ||    12
Armor: Robe              |    14 |    18 |    10 ||    42
Dodge: Dodged            |    23 |    32 |    10 ||    65
Block: Shield            |       |     9 |    33 ||    42
